 Dungeon Crawl Stone Soup version 0.28.0-47-ge53b351184 (webtiles) character file.

Game seed: 14088264216860598354

139 Eitelfritz the Sneak (level 5, -2/31 HPs)
             Began as a Kobold Brigand on May 4, 2022.
             Slain by a sky beast (6 damage)
             ... on level 2 of the Dungeon.
             The game lasted 00:06:08 (2559 turns).

Eitelfritz the Sneak (Kobold Brigand)               Turns: 2559, Time: 00:06:09

Health: -2/31      AC:  4    Str:  9    XL:     5   Next: 46%
Magic:  5/5        EV: 19    Int: 12    God:
Gold:   80         SH:  0    Dex: 24    Spells: 4/4 levels left

rFire   . . .      SeeInvis .   a - +0 dagger (freeze)
rCold   . . .      Faith    .   (no shield)
rNeg    . . .      Spirit   .   b - +0 robe
rPois   .          Reflect  .   n - +0 helmet
rElec   .          Harm     .   c - +0 cloak
rCorr   .          Rampage  .   (no gloves)
Will    .....                   (no boots)
Stlth   +++++.....              (no amulet)
HPRegen 0.10/turn               q - +4 ring of evasion
MPRegen 0.09/turn               l - +6 ring of dexterity

@: no status effects
A: small, no large weapons, nightstalker 3
a: no special abilities


You were on level 2 of the Dungeon.
You visited 1 branch of the dungeon, and saw 3 of its levels.

You collected 80 gold pieces.

Inventory:

Hand Weapons
 a - a +0 dagger of freezing (weapon)
 i - a +2 dagger
Missiles
 d - 8 poisoned darts
 e - 2 curare-tipped darts (quivered)
Armour
 b - a +0 robe (worn)
 c - a +0 cloak (worn)
 n - a +0 helmet (worn)
Jewellery
 l - a +6 ring of dexterity (right hand)
 q - a +4 ring of evasion (left hand)
Wands
 o - a wand of polymorph (7)
Scrolls
 f - 2 scrolls of fear {unknown}
 g - a scroll of amnesia {unknown}
 j - a scroll of magic mapping {unknown}
 m - a scroll of teleportation {unknown}
 p - 2 scrolls of noise {unknown}
Potions
 k - a potion of curing {unknown}


   Skills:
 + Level 2.5 Fighting
 + Level 4.0 Short Blades
 + Level 2.2 Throwing
 + Level 2.0 Dodging
 + Level 7.7 Stealth


You had 4 spell levels left.
You didn't know any spells.
Your spell library contained the following spells:

 Spells                   Type           Power      Damage    Failure   Level
 Foxfire                  Conj/Fire      0%         2x1d4     32%         1


Dungeon Overview and Level Annotations

Branches:
Dungeon (3/15)

Altars:

Annotations:
D:3 2 transporters


Innate Abilities, Weirdness & Mutations

You are small and have problems with some larger weapons.
You are completely attuned to the shadows.


Message History

The sky beast closely misses you.
There is a stone staircase leading up here.
The sky beast barely misses you.
You climb upwards.
There is a stone staircase leading down here.
You hit the sky beast but do no damage.
The sky beast flickers out of sight!
Deactivating autopickup; reactivate with Ctrl-A.
Something hits you. Something shocks you.
You miss something. You hit something. You freeze something.
Something barely misses you.
You miss something. Your punch misses something. Something closely misses you.
You miss something. You punch something. Something hits you.
Something shocks you.
You hit something but do no damage. Something closely misses you.
You barely miss something. You miss something. Something closely misses you.
You hit something but do no damage. Something hits you. Something shocks you.
* * * LOW HITPOINT WARNING * * *
It was a potion of ambrosia.
You are confused.
You feel invigorated. Something barely misses you.
You hit something. You freeze something. Something hits you.
Something shocks you.
* * * LOW HITPOINT WARNING * * *
You miss something. Something hits you. Something shocks you.
* * * LOW HITPOINT WARNING * * *
You hit something but do no damage. You hit something but do no damage.
You feel less invigorated.
You feel less confused. Something closely misses you.
You hit something. You freeze something. Something hits you.
Something shocks you.
* * * LOW HITPOINT WARNING * * *
You completely miss something. Something hits you but does no damage.
You hit something but do no damage. Something hits you but does no damage.
You miss something. You hit something but do no damage. Something hits you.
* * * LOW HITPOINT WARNING * * *
Something shocks you.
You die...

#.# ####)...........#....)#
#####.####...)..........)..#.#.##
#....................####.##.#...
#........####........###.........
#........# #..............†)....
#......### #....................
#........####........############
#......#..................#######
#......######...@{...####........
#......# ########## #########
#......# ########


There were no monsters in sight!

Vanquished Creatures
  Robin (D:1)
  6 adders
  A worm (D:2)
  A dart slug (D:1)
  3 bats (D:1)
  8 endoplasms
  A giant cockroach (D:1)
  18 goblins
  5 hobgoblins
  6 quokkas
  2 ball pythons (D:1)
  3 frilled lizards
  5 kobolds
  3 rats
63 creatures vanquished.

Notes
Turn   | Place    | Note
-------+----------+-------------------------------------------
     0 | D:1      | Eitelfritz the Kobold Brigand began the quest for the Orb.
     0 | D:1      | Reached XP level 1. HP: 12/12 MP: 1/1
   132 | D:1      | Reached XP level 2. HP: 17/17 MP: 2/2
   274 | D:1      | Reached skill level 6 in Stealth
   451 | D:1      | Reached XP level 3. HP: 16/22 MP: 3/3
   737 | D:1      | Found a faded altar of an unknown god.
   743 | D:1      | Got Plato's Disquisition on the Blaze
   909 | D:2      | Noticed Robin
   950 | D:2      | HP: 1/22 [hobgoblin[Robin] (1)]
   961 | D:2      | HP: 1/22 [hobgoblin[Robin] (1)]
   965 | D:2      | Reached XP level 4. HP: 1/27 MP: 4/4
  1323 | D:1      | Killed Robin
  1324 | D:1      | Reached skill level 7 in Stealth
  1797 | D:2      | Reached XP level 5. HP: 27/31 MP: 5/5
  2409 | D:3      | Found a transporter.
  2483 | D:3      | Found a transporter.
  2529 | D:3      | Noticed a sky beast
  2559 | D:2      | Slain by a sky beast

Illustrated notes

Levels and vault maps discovered:
D:1:      dpeg_arrival_lava_temple_mockup, layout_loops_ring,
          shapermc_ecumenical_altar_rom_forum
D:2:      layout_rooms, uniq_robin
D:3:      layout_rooms, gammafunk_ghost_stat_death

Skill      XL: |  1  2  3  4  5 |
---------------+----------------+-----
Stealth        | 6 7 |  7.7
Short Blades   | 3 4 |  4.0
Dodging        | 2 |  2.0
Fighting       | |  2.5
Throwing       | |  2.2

Action                   |  1- 3 |  4- 6 || total
-------------------------+-------+-------++-------
Melee: Dagger            |    67 |   123 ||   190
       Punch             |     1 |     2 ||     3
       Unarmed           |       |     8 ||     8
Throw: Dart              |     1 |       ||     1
  Use: Potion            |       |     1 ||     1
 Stab: Sleeping          |    20 |    10 ||    30
       Distracted        |       |     1 ||     1
Armor: Robe              |     8 |    19 ||    27
       Skin              |       |     5 ||     5
Dodge: Dodged            |    34 |    80 ||   114
